AoeStats
← Prinzen29

Hideout

508715535Analyzed
1v1 RM · 9d ago on Sep 23, 2026· 54m 0s· 2 players
Game mode
Random Map
Map size
Tiny (2 player)
Population
200
Speed
Normal
Resources
Standard
Victory
Conquest
Starting age
Dark Age
Ending age
Imperial Age
RankedLock teamsTeams togetherTeam positionsShared explorationLock speedFull tech treeHidden civsTurbo modeCheats
Victory
Defeat
🇸🇪 Goths · Sweden
987
+18
🇺🇸 Burgundians · United States
1024
-18
Prinzen29
3:09 Loom
9:51 Feudal Age
11:21 Man-at-Arms
12:11 Double-Bit Axe
12:52 Horse Collar
15:08 Forging
15:44 Town Watch
17:14 Scale Mail Armor
23:03 Wheelbarrow
22:27 Fletching
25:20 Castle Age
25:54 Pikeman
26:39 Squires
26:06 Long Swordsman
27:35 Iron Casting
27:16 Chain Mail Armor
29:08 Heavy Plow
31:36 Hand Cart
35:57 Anarchy
37:35 Bow Saw
40:33 Town Patrol
44:55 Imperial Age
45:11 Ballistics
45:03 Masonry
44:54 Murder Holes
45:05 Halberdier
47:01 Blast Furnace
46:46 Bodkin Arrow
46:52 Padded Archer Armor
46:19 Two-Handed Swordsman
48:06 Crop Rotation
48:02 Conscription
47:24 Champion
49:00 Perfusion
J Cream
5:13 Double-Bit Axe
7:49 Loom
8:42 Wheelbarrow
12:07 Feudal Age
10:19 Horse Collar
10:58 Gold Mining
11:56 Loom
15:30 Wheelbarrow
16:41 Bow Saw
18:47 Castle Age
17:04 Scale Barding Armor
18:08 Forging
18:54 Cavalier
20:46 Chain Barding Armor
34:16 Fletching
35:48 Hand Cart
36:14 Husbandry
39:38 Imperial Age
38:48 Two-Man Saw
38:52 Gold Shaft Mining
40:08 Elite Coustillier
42:01 Plate Barding Armor
43:40 Scale Mail Armor
44:38 Conscription
45:57 Iron Casting
45:45 Light Cavalry
46:28 Bodkin Arrow
46:30 Elite Skirmisher
47:19 Bracer
48:48 Blast Furnace
48:20 Padded Archer Armor
49:20 Leather Archer Armor
49:23 Chain Mail Armor
50:23 Ballistics
50:33 Heavy Plow
53:17 Flemish Revolution
54:39 Plate Mail Armor
Connection lost

Rejoining the realm…

Still unreachable

The connection could not be restored.

Session expired

The server has moved on; the page needs a fresh start.